 Dungeon Crawl Stone Soup version 0.24-a0-249-g2af7e83 (webtiles) character file.

Game seed: 6545806263119214258

14 puppykicker the Grave Robber (level 2, 0/23 HPs)
             Began as a Minotaur Necromancer on Apr 14, 2019.
             Slain by a hobgoblin (5 damage)
             ... on level 1 of the Dungeon.
             The game lasted 00:02:41 (634 turns).

puppykicker the Grave Robber (Minotaur Necromancer)  Turns: 634, Time: 00:02:42

Health: 0/23       AC:  2    Str: 12    XL:     2   Next: 27%
Magic:  2/3        EV: 12    Int: 12    God:
Gold:   14         SH:  0    Dex: 10    Spells: 2/4 levels left

rFire    . . .     SeeInvis .   a - +0 dagger
rCold    . . .     Gourm    .   (no shield)
rNeg     . . .     Faith    .   i - +0 robe
rPois    .         Spirit   .   (helmet restricted)
rElec    .         Reflect  .   (no cloak)
rCorr    .         Harm     .   (no gloves)
MR       .....                  (no boots)
Stlth    ++........             (no amulet)
HPRegen  0.07/turn              (no ring)
MPRegen  0.08/turn              (no ring)

@: very slightly contaminated
A: retaliatory headbutt, horns 2
a: no special abilities


You were on level 1 of the Dungeon.
You were not hungry.

You visited 1 branch of the dungeon, and saw 1 of its levels.

You collected 14 gold pieces.


Innate Abilities, Weirdness & Mutations

You reflexively headbutt those who attack you in melee.
You have a pair of horns on your head.


   Skills:
 + Level 1.0 Fighting
 + Level 1.0 Armour
 - Level 2.2 Dodging
 - Level 1.5 Stealth
 + Level 1.5 Spellcasting
 + Level 3.0 Necromancy


You had 2 spell levels left.
You knew the following spells:

 Your Spells              Type           Power        Failure   Level  Hunger
a - Pain                  Necr           #...         9%          1    ##.....
z - Animate Skeleton      Necr           N/A          9%          1    ##.....

Your spell library contained the following spells:

 Spells                   Type           Power        Failure   Level  Hunger
 Vampiric Draining        Necr           #.........   24%         3    ####...
 Regeneration             Chrm/Necr      #.........   41%         3    ####...
 Animate Dead             Necr           N/A          63%         4    #####..

Inventory:

Hand Weapons
 a - a +0 dagger (weapon)
Armour
 i - a +0 robe (worn)
Scrolls
 b - a scroll of teleportation {unknown}
 d - 2 scrolls of remove curse {unknown}
 f - a scroll of immolation {unknown}
Potions
 e - a potion of degeneration {unknown}
 h - a potion of ambrosia {unknown}
Comestibles
 c - a ration
 g - a chunk of flesh {@w1}

Dungeon Overview and Level Annotations

Branches:
Dungeon (1/15)

Altars:

....##'##############..#
........................#
.#..#..###............#.# #
.#.##.........######.###
#.#.##.#................##
...#..........###.......##
###.##..#........#.........#
....#..#........#.........#
###..#....(....@g..........#
#.............###..........#
#......#.#.##.)............#
####....#%#.########....(..##
#....##s..(K# #.........#
..####.....## #.........# .##
#..#.### #[........# ##
#.#..# #.........# #...##
#.........#


You could see a hobgoblin.


Message History

Aiming: Pain (safe; 9% risk of failure)
Aim: a kobold, wielding a +0 club (chance to defeat MR: 73%)
The kobold writhes in agony.
You kill the kobold!
Aiming: Pain (safe; 9% risk of failure)
Aim: a hobgoblin (moderately wounded, chance to defeat MR: 73%)
The hobgoblin writhes in agony.
The hobgoblin hits you.
* * * LOW HITPOINT WARNING * * *
Things that are here:
a +0 club; a giant cockroach corpse Some of the chunks of flesh in your inventory have rotted away.
Things that are here:
a +0 club; a giant cockroach corpse
Things that are here:
a +0 club; a giant cockroach corpse
Things that are here:
a +0 club; a giant cockroach corpse
Aiming: Pain (safe; 9% risk of failure)
Aim: a hobgoblin (chance to defeat MR: 73%)
You miscast Pain.
You are very lightly contaminated with residual magic.
Nothing appears to happen.
Things that are here:
a +0 club; a giant cockroach corpse
Things that are here:
a +0 club; a giant cockroach corpse
Aiming: Pain (safe; 9% risk of failure)
Aim: a hobgoblin (chance to defeat MR: 73%)
The hobgoblin writhes in agony.
The hobgoblin hits you.
You die...

Action                   || total
-------------------------++-------
Melee: Unarmed           ||    34
       Dagger            ||    24
       Headbutt          ||     4
 Cast: Animate Skeleton  ||     6
       Pain              ||     5
 Stab: Sleeping          ||     1
Armor: Robe              ||     9
Dodge: Dodged            ||    32

Levels and vault maps discovered:
D:1:      minmay_arrival_nine_rooms, layout_rooms

Notes
Turn   | Place    | Note
-------+----------+-------------------------------------------
     0 | D:1      | puppykicker the Minotaur Necromancer began the quest for
                  | the Orb.
     0 | D:1      | Reached XP level 1. HP: 14/14 MP: 1/1
     2 | D:1      | Learned a level 1 spell: Animate Skeleton
   103 | D:1      | Reached skill level 3 in Necromancy
   531 | D:1      | Reached XP level 2. HP: 19/22 MP: 3/3
   555 | D:1      | Reached skill level 1 in Armour
   578 | D:1      | Reached skill level 1 in Fighting
   580 | D:1      | HP: 2/23 [hobgoblin (2)]
   634 | D:1      | Slain by a hobgoblin

Vanquished Creatures
  2 dart slugs (D:1)
  A bat (D:1)
  2 giant cockroaches (D:1)
  3 frilled lizards (D:1)
  2 kobolds (D:1)
  2 rats (D:1)
12 creatures vanquished.
